 Dungeon Sprint DCSS version 0.28-a0-313-gbc0475efdd (webtiles) character file.

Game seed: 9670187405800736141

10 Ankalagon the Cudgeller (level 2, -1/25 HPs)
             Began as a Palentonga Fighter on Aug 31, 2021.
             Slain by a neqoxec (3 damage)
             ... in the Dungeon (Sprint II: "The Violet Keep of Menkaure").
             The game lasted 00:00:20 (188 turns).

Ankalagon the Cudgeller (Palentonga Fighter)         Turns: 188, Time: 00:00:21

Health: -1/25      AC:  6    Str: 19    XL:     2   Next: 10%
Magic:  2/2        EV:  5    Int:  8    God:
Gold:   243        SH:  8    Dex:  9    Spells: 1/1 levels left

rFire   . . .      SeeInvis +   a - +0 flail
rCold   . . .      Faith    .   c - +0 kite shield
rNeg    . . .      Spirit   .   b - +0 scale mail
rPois   .          Reflect  .   (no helmet)
rElec   .          Harm     .   (no cloak)
rCorr   .          Rampage  .   (no gloves)
Will    .....      NoTele   +   (no barding)
Stlth   ..........              (no amulet)
HPRegen 0.08/turn               (no ring)
MPRegen 0.08/turn               (no ring)

@: no status effects
A: large, rugged brown scales 3, see invisible, deformed body, roll 1, armoured
tail
a: Rolling Charge


You were in the Dungeon.
You visited 1 branch You collected 243 gold pieces.

Inventory:

Hand Weapons
 a - a +0 flail (weapon)
Armour
 b - a +0 scale mail (worn)
 c - a +0 kite shield (worn)
Scrolls
 j - a scroll of blinking
Potions
 d - a potion of might
 e - a potion of curing
 f - a potion of heal wounds
 g - a potion of haste
 h - 2 potions of magic


   Skills:
 - Level 3.0 Fighting
 + Level 3.5 Maces & Flails
 - Level 2.4 Armour
 + Level 3.5 Shields


You had one spell level left.
You didn't know any spells.
Your spell library was empty.

Dungeon Overview and Level Annotations

Branches:
Dungeon (1/1)

Altars:


Innate Abilities, Weirdness & Mutations

You are completely covered in rugged brown scales. (AC +3, +7% HP)
You have supernaturally acute eyesight. (SInv)
Armour fits poorly on your strangely shaped body.
You can roll at nearby foes to attack.
You have a long armoured tail.


Message History

You tail-slap the neqoxec, but do no damage.
You hit the neqoxec.
You tail-slap the neqoxec, but do no damage.
The neqoxec is lightly wounded.
You block the neqoxec's attack.
You closely miss the neqoxec. You tail-slap the neqoxec!
The neqoxec is moderately wounded.
The neqoxec hits you but does no damage.
The neqoxec gestures at you.
Something tries to feed on your intellect!
The neqoxec barely misses you.
You hit the neqoxec.
The neqoxec is moderately wounded.
The neqoxec hits you but does no damage.
You hit the neqoxec but do no damage.
The neqoxec is moderately wounded.
The neqoxec hits you. You block the neqoxec's attack.
You hit the neqoxec but do no damage.
Your tail-slap misses the neqoxec.
The neqoxec is moderately wounded.
The neqoxec gestures at you.
Something tries to feed on your intellect!
The neqoxec hits you.
You closely miss the neqoxec.
The neqoxec is moderately wounded.
The neqoxec hits you but does no damage.
Your shield and scale mail prevent you from hitting the neqoxec.
The neqoxec is moderately wounded.
The neqoxec is engulfed in blazing flames. x2
The neqoxec gestures at you.
Something tries to feed on your intellect!
You closely miss the neqoxec.
The neqoxec is moderately wounded.
The neqoxec hits you!
* * * LOW HITPOINT WARNING * * *
The neqoxec is engulfed in blazing flames.
The neqoxec dies!
You completely miss the neqoxec.
The neqoxec is moderately wounded.
The neqoxec hits you.
You die...

###
#+###.##
##.##†..#
+.<.'##.+
##.##.###
#@# #.#
##3# ##
#°# ##


You could see a neqoxec.

Vanquished Creatures
  3 worms (D)
3 creatures vanquished.

Vanquished Creatures (others)
  2 neqoxecs (D)
  A water moccasin (D)
3 creatures vanquished.

Grand Total: 6 creatures vanquished

Notes
Turn   | Place    | Note
-------+----------+-------------------------------------------
     0 | D        | Ankalagon the Palentonga Fighter began the quest for the
                  | Orb.
     0 | D        | Reached XP level 1. HP: 19/19 MP: 1/1
    16 | D        | Reached XP level 2. HP: 17/25 MP: 2/2
    27 | D        | Killed a water moccasin
   176 | D        | Noticed a neqoxec
   177 | D        | Noticed a neqoxec
   184 | D        | Killed a neqoxec
   187 | D        | Killed a neqoxec
   188 | D        | Slain by a neqoxec

Illustrated notes

Levels and vault maps discovered:
D:        the_violet_keep_of_menkaure [sprint2_stairs_cluster_1,
          sprint2_shoproom, sprint2_temple, sprint2_basic_supplies,
          sprint2_obstacle_5, sprint2_obstacle_3, sprint2_obstacle_4,
          sprint2_obstacle_6, sprint2_obstacle_1, sprint2_timed_cluster_1,
          sprint2_smallroom_cluster_1, sprint2_smallroom_final_cluster_1,
          sprint2_transparent_cluster_1, sprint2_second_timed_cluster_1,
          sprint2_sniper_area_1, sprint2_heavy_combat_area_1,
          sprint2_mutation_trap_area_1, sprint2_forest_area_1,
          sprint2_light_combat_area_1, sprint2_behind_water_1,
          sprint2_near_end_vault_1]

Skill      XL: |  1 |
---------------+----+-----
Shields        | 3 |  3.5
Maces & Flails | 3 |  3.5
Fighting       | |  3.0
Armour         | |  2.4

Action                   || total
-------------------------++-------
Melee: Flail             ||    19
       Tailslap          ||     3
  Use: Potion            ||     1
Armor: Scale mail        ||     4
Dodge: Dodged            ||     2
Block: Kite shield       ||     3

Table legend: (Time is in decaauts)
 A = Elapsed time spent in this place.
 B = Non-inter-level travel time spent in this place.
 C = Inter-level travel time spent in this place.
 D = Time resting spent in this place.
 E = Time spent auto-exploring this place.
 F = Levels seen in this place.
 G = Mean time per level.
                   A        B        C        D        E       F      G
               +--------+--------+--------+--------+--------+-----+--------+
         Total |    198 |    198 |      0 |    156 |      0 |   1 |  198.0 |
       Dungeon |    198 |    198 |      0 |    156 |      0 |   1 |  198.0 |
               +--------+--------+--------+--------+--------+-----+--------+

Top non-repeatable levels by time:
       D: 198 daAuts
